 Dungeon Crawl Stone Soup version bcrawl-1.18.1 (webtiles) character file.

Game seed: 3968691631422073696

5001 Revguard the Fighter (level 10, -7/93 HPs)
             Began as a Hill Orc Berserker on Nov 8, 2019.
             Was a Priest of Trog.
             Killed from afar by Psyche (11 damage)
             ... with a poison arrow
             ... on level 8 of the Dungeon.
             The game lasted 00:14:31 (6989 turns).

Revguard the Fighter (Hill Orc Berserker)           Turns: 6989, Time: 00:14:32

Health: -7/93      AC: 21    Str: 21    XL:     10   Next: 54%
Magic:  12/14      EV:  8    Int:  7    God:    Trog [***...]
Gold:   750        SH:  0    Dex: 13    Spells: 9/9 levels left

rFire    . . .     SeeInvis +   s - +4 battleaxe (freeze)
rCold    . . .     Gourm    .   (shield currently unavailable)
rNeg     . . .     Faith    .   o - +0 plate armour
rPois    .         Spirit   .   (no helmet)
rElec    .         Reflect  .   y - +2 cloak {+Inv}
rCorr    .         Harm     .   q - +2 pair of gloves
MR       ++...                  (no boots)
Stlth    ..........             (no amulet)
HPRegen  1.25/turn              t - ring of see invisible
MPRegen  0.14/turn              (no ring)

@: lethally poisoned (-7 -> -7), very slightly contaminated, regenerating,
invisible
A: no striking features
a: Berserk, Trog's Hand, Renounce Religion


You were on level 8 of the Dungeon.
You worshipped Trog.
Trog was most pleased with you.
You were hungry.

You visited 1 branch of the dungeon, and saw 8 of its levels.

You collected 750 gold pieces.

Inventory:

Hand Weapons
 a - a +1 hand axe
 s - a +4 battleaxe of freezing (weapon)
 x - a +0 war axe
Armour
 o - a +0 plate armour (worn)
 q - a +2 pair of gloves (worn)
 y - a +2 cloak of invisibility (worn)
Jewellery
 n - a +3 ring of intelligence
 t - a ring of see invisible (left hand)
 u - an uncursed ring of fire
Wands
 g - a wand of paralysis (10)
 l - a wand of polymorph (13)
 r - a wand of acid (5)
 A - a wand of iceblast (7)
Scrolls
 e - 5 scrolls of teleportation
 f - 3 scrolls of identify
 i - 3 scrolls of enchant weapon
 j - 6 scrolls of remove curse
 k - 3 scrolls of amnesia {unknown}
 v - a scroll of vulnerability {unknown}
 B - a scroll of enchant armour {unknown}
Potions
 b - a potion of lignification
 d - 2 potions of flight
 h - a potion of curing
 w - a potion of degeneration {unknown}
 z - a potion of brilliance {unknown}
Comestibles
 c - 12 rations {!d}
 m - 4 chunks of flesh


   Skills:
 * Level 10.0 Fighting
   Level 10.0 Short Blades
   Level 10.0 Long Blades
   Level 10.0 Axes
   Level 10.0 Maces & Flails
   Level 10.0 Polearms
   Level 10.0 Staves
 + Level 9.9 Armour
 + Level 3.2 Dodging
   Level 10.0 Unarmed Combat
 * Level 5.8 Evocations


You had 9 spell levels left.
You didn't know any spells.
Your spell library was empty.

Dungeon Overview and Level Annotations

Branches:
Dungeon (8/12)             Temple (0/1) D:6            Lair (0/6) D:7
    Orc: D:8-11

Altars:
Hepliaklqana
Trog

Annotations:
D:8 Psyche


Message History

Okay, then.
Okay, then.
You fade into invisibility!
You are very lightly contaminated with residual magic.
You are feeling hungry.
* * * LOW HITPOINT WARNING * * *
You feel sick.
The electric eel shoots out a bolt of lightning at you!
The bolt of electricity hits you!
Your skin crawls.
You feel resistant to hostile enchantments.
You feel somewhat more hungry.
You feel sick. Psyche hits you but does no damage.
You blink.
You feel sick.
You feel sick.
Psyche gestures at something while chanting.
Psyche casts a spell at you. The poison arrow hits you!
You are more poisoned.
You die...

...≈;......# #.......#########
....>......# #.....(..........
...........# #......##########
..?.....######....#>....#
.!≈......§..[.........#.#####
..≈≈≈....@...########.#..÷..#
...≈....<....# #.#####.##
.............########.#<..#.#.
.........#...@.....##.....#.#.
.........#########.########.#.
.........#<# #..........#.
#######.#.# ############.
#.#.# #..........#. #.#
#.########.#. #.# #.# #.#. #.#
#.# #.#. #.#######.########.#.


You could see Psyche.

Vanquished Creatures
  The ghost of Wormfoot the Quickloader, a novice CeHu of Dithmenos (D:7)
  An orc knight (D:8)
  A komodo dragon (D:7)
  A troll (D:8)
  2 hippogriffs
  A wraith (D:7)
  Eustachio (D:6)
  A wyvern (D:8)
  A vampire (D:7)
  3 yaks (D:8)
  A hungry ghost (D:7)
  Menkaure (D:5)
  2 ice beasts
  2 ogres
  3 centaurs
  4 bullfrogs
  A big kobold (D:8)
  A wyvern skeleton (D:7)
  A scorpion (D:4)
  A wight (D:7)
  2 howler monkeys
  3 crimson imps
  3 hounds
  3 orc priests
  Crazy Yiuf (D:6)
  A bullfrog skeleton (D:6)
  2 iguanas (D:6)
  6 orc wizards
  2 worker ants
  3 hound skeletons
  A worker ant zombie (D:7)
  4 gnolls (D:7)
  A howler monkey zombie (D:7)
  5 adders
  A shadow imp (D:5)
  2 oozes
  An adder zombie (D:7)
  4 adder skeletons
  3 worms
  2 leopard geckos
  12 orcs
  2 giant cockroaches (D:3)
  2 goblins
  2 hobgoblins (D:2)
  16 jackals
  10 kobolds
  5 quokkas
  2 frilled lizards
  A jackal skeleton (D:4)
  2 rats (D:3)
  A plant (D:7)
135 creatures vanquished.

Vanquished Creatures (others)
  23 plants (D:7)
23 creatures vanquished.

Grand Total: 158 creatures vanquished

Notes
Turn   | Place    | Note
-------+----------+-------------------------------------------
     0 | D:1      | Revguard the Hill Orc Berserker began the quest for the
                  | Orb.
     0 | D:1      | Reached XP level 1. HP: 22/22 MP: 1/1
    64 | D:1      | Reached skill level 5 in Fighting
   396 | D:1      | Reached XP level 2. HP: 25/29 MP: 2/2
  1344 | D:2      | Found a bloodstained altar of Trog.
  1374 | D:2      | Reached XP level 3. HP: 36/36 MP: 3/3
  1824 | D:3      | Reached skill level 1 in Evocations
  1824 | D:3      | Reached XP level 4. HP: 39/44 MP: 4/4
  1981 | D:3      | Reached ** piety under Trog
  1995 | D:3      | Found a hazy altar of Hepliaklqana.
  2542 | D:4      | Reached XP level 5. HP: 50/50 MP: 6/6
  2558 | D:4      | Reached skill level 6 in Fighting
  2704 | D:4      | Noticed a bullfrog
  2718 | D:4      | Reached XP level 6. HP: 37/57 MP: 7/7
  3137 | D:4      | Reached XP level 7. HP: 64/64 MP: 8/8
  3191 | D:4      | Reached skill level 5 in Armour
  3552 | D:5      | Entered Level 5 of the Dungeon
  3626 | D:5      | Noticed Menkaure
  3632 | D:5      | Killed Menkaure
  4000 | D:5      | Reached XP level 8. HP: 56/71 MP: 10/10
  4318 | D:6      | Found a staircase to the Ecumenical Temple.
  4322 | D:6      | Reached skill level 7 in Fighting
  4408 | D:6      | Noticed Eustachio
  4460 | D:6      | Killed Eustachio
  4559 | D:6      | Found a runed door.
  4563 | D:6      | Noticed Crazy Yiuf
  4569 | D:6      | Killed Crazy Yiuf
  5390 | D:7      | Noticed a wraith
  5405 | D:7      | Found a transporter.
  5407 | D:7      | Found a transporter.
  5407 | D:7      | Noticed a vampire
  5408 | D:7      | Noticed Wormfoot's ghost (novice CeHu)
  5496 | D:7      | Reached XP level 9. HP: 76/81 MP: 12/12
  5508 | D:7      | Reached skill level 8 in Fighting
  5978 | D:7      | Found a staircase to the Lair.
  5979 | D:7      | Noticed a komodo dragon
  5997 | D:7      | Killed a komodo dragon
  6228 | D:7      | Killed Wormfoot's ghost
  6241 | D:7      | Reached skill level 9 in Fighting
  6241 | D:7      | Reached skill level 5 in Evocations
  6277 | D:7      | Reached XP level 10. HP: 76/91 MP: 13/13
  6595 | D:8      | Noticed an orc knight
  6608 | D:8      | Killed an orc knight
  6640 | D:8      | Reached *** piety under Trog
  6971 | D:8      | Noticed Psyche
  6981 | D:8      | Reached skill level 10 in Fighting
  6985 | D:8      | HP: 4/93 [electric eel/bolt of electricity (3)]
  6989 | D:8      | Killed from afar by Psyche

Skill      XL: |  1  2  3  4  5  6  7  8  9 10 |
---------------+-------------------------------+-----
Fighting       | 5 6 7 9 10 | 10.0
Evocations     | 1 2 3 4 5 |  5.8
Armour         | 3 4 5 7 9 |  9.9
Dodging        | 2 3 |  3.2
Short Blades   | | 10.0
Long Blades    | | 10.0
Axes           | | 10.0
Maces & Flails | | 10.0
Polearms       | | 10.0
Staves         | | 10.0
Unarmed Combat | | 10.0

Action                   |  1- 3 |  4- 6 |  7- 9 | 10-12 || total
-------------------------+-------+-------+-------+-------++-------
Melee: Hand axe          |    58 |   170 |   227 |       ||   455
       Punch             |     1 |     4 |    12 |       ||    17
       War axe           |       |       |    48 |     4 ||    52
       Battleaxe         |       |       |       |    69 ||    69
Invok: Berserk           |     1 |     3 |     7 |     1 ||    12
       Trog's Hand       |       |     2 |     7 |     2 ||    11
 Abil: Evoke Invisibilit |       |       |       |     1 ||     1
Evoke: Wand              |       |       |     3 |       ||     3
  Use: Scroll            |       |       |    10 |     1 ||    11
       Potion            |       |       |     1 |     1 ||     2
 Stab: Sleeping          |     1 |       |       |       ||     1
  Eat: Chunk             |     2 |     9 |    14 |     5 ||    30
       Ration            |       |       |     4 |       ||     4
Armor: Animal skin       |     4 |       |       |       ||     4
       Ring mail         |     5 |    46 |       |       ||    51
       Plate armour      |       |    20 |   290 |    53 ||   363
Dodge: Dodged            |    32 |    97 |   165 |    24 ||   318
